 Dungeon Crawl Stone Soup version 0.17.0-22-g5edae84 (console) character file.

37 gw the Skirmisher (level 3, 0/29 HPs)
             Began as a Demonspawn Chaos Knight on Nov 12, 2015.
             Succumbed to an adder's poison
             ... on level 2 of the Dungeon.
             The game lasted 00:01:00 (1034 turns).

gw the Skirmisher (Demonspawn Chaos Knight)         Turns: 1034, Time: 00:01:00

Health: 0/29       AC:  8    Str: 12    XL:     3   Next: 23%
Magic:  3/3        EV:  9    Int: 13    God:    Xom [..*...]
Gold:   35         SH:  0    Dex: 13    Spells: 0 memorised, 2 levels left

rFire  . . .     SeeInvis .     a - +0 mace (chaos)
rCold  . . .     Clarity  .     d - +0 scale mail
rNeg   . . .     SustAt   .     (no shield)
rPois  .         Gourm    .     (no helmet)
rElec  .         Spirit   .     b - +0 cloak
rCorr  .         Warding  .     (no gloves)
rMut   .         Stasis   .     e - +0 pair of boots
MR     .....                    (no amulet)
Stlth  ..........               (no ring)
                                (no ring)

@: lethally poisoned (0 -> -5), not resistant to hostile enchantments, extremely
unstealthy
A: claws 1
a: Renounce Religion


You were on level 2 of the Dungeon.
You worshipped Xom.
You were a toy of Xom.
You were hungry.

You visited 1 branch of the dungeon, and saw 2 of its levels.

You collected 35 gold pieces.

Inventory:

Hand Weapons
 a - a +0 mace of chaos (weapon)
Missiles
 f - 6 stones (quivered)
Armour
 b - a +0 cloak (worn)
 d - a +0 scale mail (worn)
 e - a +0 pair of boots (worn)
Comestibles
 c - 2 bread rations


   Skills:
 + Level 3.4 Fighting
 * Level 3.2 Maces & Flails
 + Level 0.6 Throwing
 + Level 2.1 Armour
 - Level 0.8 Dodging


You had 2 spell levels left.
You didn't know any spells.

Dungeon Overview and Level Annotations

Branches:
Dungeon (2/15)

Altars:


Innate Abilities, Weirdness & Mutations

You have sharp fingernails.


Message History

Unknown command.
Unknown command.
Unknown command.
Unknown command.
ATTACKING (0,-1)
You swing at nothing.
You feel sick.
Unknown command.
Unknown command.
Unknown command.
Unknown command.
ATTACKING (0,-1)
You swing at nothing.
Unknown command.
Unknown command.
Unknown command.
Unknown command.
ATTACKING (0,-1)
You swing at nothing.
You die...
Xom cackles wildly!

##...(......
..........
#........ ...(...
..... .(. #%# #6#
#.# #.#
#)################
#................<
##################


There were no monsters in sight!

Table legend:
 A = Turns spent in this place as a percentage of turns spent in the entire game.
 B = Non-inter-level travel turns spent in this place as a percentage of non-inter-level travel turns spent in the entire game.
 C = Inter-level travel turns spent in this place as a percentage of turns spent in this place.
 D = Turns resting spent in this place as a percentage of non-inter-level travel turns spent in this place.
 E = Turns spent auto-exploring this place as a percentage of non-inter-level travel turns spent in this place.
 F = Non-inter-level travel turns spent in this place divided by the number of levels of this place that you've seen.
                   A       B       C       D       E      F
               +-------+-------+-------+-------+-------+----------------------
         Total | 100.0 | 100.0 |   0.1 |   0.4 |   2.4 | 762.5
       Dungeon | 100.0 | 100.0 |   0.1 |   0.4 |   2.4 | 762.5
               +-------+-------+-------+-------+-------+----------------------

Table legend:
 A = Kills in this place as a percentage of kills in entire the game.
 B = Kills by you in this place as a percentage of kills by you in the entire game.
 C = Kills by friends in this place as a percentage of kills by friends in the entire game.
 D = Other kills in this place as a percentage of other kills in the entire game.
 E = Experience gained in this place as a percentage of experience gained in the entire game.
 F = Experience gained in this place divided by the number of levels of this place that you have seen.
                   A       B       C       D       E      F
               +-------+-------+-------+-------+-------+----------------------
         Total | 100.0 | 100.0 |  -nan |  -nan | 100.0 |  27.0
       Dungeon | 100.0 | 100.0 |  -nan |  -nan | 100.0 |  27.0
               +-------+-------+-------+-------+-------+----------------------

Vanquished Creatures
  An adder (D:2)
  2 oozes (D:1)
  3 bats (D:1)
  4 goblins (D:1)
  3 hobgoblins (D:1)
  3 giant cockroaches (D:1)
  2 giant newts (D:1)
  4 rats (D:1)
22 creatures vanquished.

Notes
Turn   | Place    | Note
--------------------------------------------------------------
     0 | D:1      | gw the Demonspawn Chaos Knight began the quest for the Orb.
     0 | D:1      | Reached XP level 1. HP: 18/18 MP: 1/1
   150 | D:1      | XOM: harmless Necr miscast
   254 | D:1      | XOM: harmless Trmt miscast
   260 | D:1      | XOM: harmless Hex miscast
   263 | D:1      | XOM: divination: magic mapping
   268 | D:1      | Gained mutation: You have sharp fingernails. [demonic ancestry]
   268 | D:1      | Reached XP level 2. HP: 24/24 MP: 2/2
   291 | D:1      | XOM: noise
   508 | D:1      | XOM: polymorph goblin -> giant newt
   578 | D:1      | XOM: fog
   833 | D:1      | XOM: scenery: 2 doors close
   847 | D:1      | XOM: enchant monster (good)
   850 | D:1      | Reached XP level 3. HP: 29/29 MP: 3/3
   871 | D:1      | XOM: colour smoke trail
  1032 | D:2      | HP: 1/29 [poisoned by an adder]
  1034 | D:2      | Succumbed to an adder's poison

Action                   || total
-------------------------++-------
Melee: Mace              ||    76
Throw: Stone             ||    24

Vault maps used:
D:1:      dpeg_arrival_refuge
D:2:      gammafunk_temple_overflow_claw, first_bread, uniq_robin, uniq_sigmund
